 Dungeon Crawl Stone Soup version 0.21-a0-110-g8e1637b (webtiles) character file.

16021 Gorglomux the Severer (level 12, -1/105 HPs)
             Began as a Hill Orc Artificer on July 10, 2017.
             Was a High Priest of Okawaru.
             Slain by a soul eater (7 damage)
             ... summoned by a kobold demonologist
             ... on level 10 of the Dungeon.
             The game lasted 00:27:54 (11068 turns).

Gorglomux the Severer (Hill Orc Artificer)         Turns: 11068, Time: 00:27:56

Health: -1/105     AC: 27    Str: 20    XL:     12   Next: 33%
Magic:  13/15      EV: 16    Int: 11    God:    Okawaru [*****.]
Gold:   296        SH:  0    Dex:  8    Spells: 11/11 levels left

rFire    . . .     SeeInvis .   e - +1 broad axe of the Wraith {vamp, +Blink +Inv Dex-3}
rCold    . . .     Gourm    .   (no shield)
rNeg     + + .     Faith    +   l - +7 chain mail "Pumoew" {god gift, rC- rN++}
rPois    .         Spirit   .   u - +2 helmet
rElec    .         Reflect  .   G - +1 cloak
rCorr    .         Harm     .   J - +0 pair of gloves
MR       .....                  (no boots)
Stlth    ..........             y - amulet of faith
HPRegen  0.27/turn              k - +6 ring of evasion
MPRegen  0.14/turn              c - ring of protection from cold

@: lethally poisoned (-1 -> -4), heroism
A: no striking features
a: Heroism, Finesse, Renounce Religion, Evoke Blink, Evoke Invisibility


You were on level 10 of the Dungeon.
You worshipped Okawaru.
Okawaru was extremely pleased with you.
You were hungry.

You visited 1 branch of the dungeon, and saw 11 of its levels.
You also visited: Ossuary.

You collected 730 gold pieces.
You spent 434 gold pieces at shops.

Inventory:

Hand Weapons
 e - the +1 broad axe of the Wraith (weapon) {vamp, +Blink +Inv Dex-3}
   (You found it on level 8 of the Dungeon)

   It inflicts no extra harm, but heals its wielder when it wounds a living foe.
   It affects your dexterity (-3).
   It lets you turn invisible.
   It lets you blink.
 x - a +2 scimitar of flaming
Missiles
 n - 2 javelins
 Z - 2 throwing nets (quivered)
Armour
 l - the +7 chain mail "Pumoew" (worn) {god gift, rC- rN++}
   (Okawaru gifted it to you on level 8 of the Dungeon)

   It makes you vulnerable to cold.
   It greatly protects you from negative energy.
 u - a +2 helmet (worn)
 F - the +0 helmet of the Hanged Man {rPois MR- MP+9 SInv}
   (You found it on level 5 of the Dungeon)

   It protects you from poison.
   It affects your resistance to hostile enchantments.
   It affects your magic capacity (+9).
   It lets you see invisible.
 G - a +1 cloak (worn)
 J - a +0 pair of gloves (worn)
Jewellery
 c - a ring of protection from cold (right hand)
 k - a +6 ring of evasion (left hand)
 y - an amulet of faith (around neck)
 A - an uncursed amulet of guardian spirit
Wands
 b - a wand of flame (14/48)
 C - a wand of confusion (27/48)
 E - a wand of enslavement (4/24)
 L - a wand of lightning (5/15)
 S - a wand of scattershot (2/9)
Scrolls
 a - a scroll of random uselessness {unknown}
 g - 2 scrolls of recharging {unknown}
 i - a scroll of fog {unknown}
 j - 2 scrolls of amnesia {unknown}
 m - a scroll of summoning
 o - a scroll of vulnerability {unknown}
 t - a scroll of immolation
 w - a scroll of acquirement {unknown}
 B - a scroll of enchant weapon {unknown}
 H - 5 scrolls of remove curse
 I - 3 scrolls of fear
 M - 3 scrolls of magic mapping
 R - a scroll of identify
 T - 4 scrolls of teleportation
 W - 3 scrolls of blinking {unknown}
 X - 4 scrolls of enchant armour
Potions
 d - a potion of might {unknown}
 p - 2 potions of lignification
 q - a potion of flight
 r - 2 potions of ambrosia
 s - 2 potions of magic
 v - a potion of resistance
 D - 5 potions of curing
 K - 2 potions of mutation
 N - 3 potions of invisibility {unknown}
 P - a potion of haste
 U - 4 potions of brilliance
 V - 3 potions of agility
 Y - 2 potions of cancellation {unknown}
Comestibles
 f - 5 bread rations
 z - 2 meat rations
 Q - 3 royal jellies


   Skills:
 - Level 9.4(14.4) Fighting
   Level 1.0(6.0) Short Blades
 + Level 19.0(24.0) Axes
 - Level 8.4(13.4) Armour
 - Level 1.5(6.5) Dodging
 - Level 0.7(5.7) Stealth
 - Level 4.2 Invocations
 - Level 3.0 Evocations


You had 11 spell levels left.
You didn't know any spells.

Dungeon Overview and Level Annotations

Branches:
Dungeon (11/15)            Temple (0/1) D:5            Lair (0/6) D:10
    Orc (0/2) D:10

Altars:
Ashenzari
Dithmenos
Kikubaaqudgha
Okawaru
Qazlal
Sif Muna
Trog
Wu Jian
Zin

Shops:
D:7 ?

Annotations:
D:11 Ijustatesigmund's ghost, journeyman TrMo


Message History

* * * LOW HITPOINT WARNING * * *
You closely miss the kobold demonologist.
The kobold demonologist is heavily wounded.
You slash the orc warrior!
You kill the orc warrior!
Okawaru accepts your kill.
You slice the soul eater!! You hit the ice devil but do no damage.
The kobold demonologist hits you but does no damage.
You are poisoned.
The ice devil completely misses you.
Unknown command.
You barely miss the kobold demonologist.
The kobold demonologist is heavily wounded.
You closely miss the soul eater. You closely miss the ice devil.
You feel sick.
The red devil hits you from afar with a demon trident of flaming!
* * * LOW HITPOINT WARNING * * *
The red devil burns you.
* * * LOW HITPOINT WARNING * * *
The soul eater hits you!
You die...

## #.#..)# ########
.######.#...####......#
........#........####.#
.########...###...###.#
....................#.#
#....####.##..........########
#.........##.................#
..###.....##....).....########
....'......)).4K@.....#
...##....###[...43.รท..#
...##....##...........#
...##....##....#.####.##
...##....##....#..###..#
...##..........).....#.#
...######..#...........# ...#
#...............# ...#
##...............#


You could see a soul eater, an ice devil, a kobold demonologist and a red devil.

Vanquished Creatures
  A frost giant (D:10)
  Erica (D:8)
  3 death yaks (D:10)
  A two-headed ogre (D:10)
  The ghost of sergedm the Eclecticist, a novice DECj of Vehumet (D:8)
  An unseen horror (D:10)
  9 orc warriors
  A centaur skeleton (D:10)
  The ghost of sagitran the Slasher, a novice DsAK of Lugonu (D:6)
  A komodo dragon (D:10)
  A troll (D:10)
  4 hippogriffs
  9 yaks
  A hungry ghost (D:8)
  2 wargs (D:10)
  A soldier ant (D:10)
  Duvessa (D:6)
  A water moccasin (D:5)
  4 ice beasts
  2 black bears
  6 sky beasts
  4 centaurs
  9 ogres
  2 phantoms
  2 necrophages
  Blork the orc (D:6)
  6 bullfrogs
  Dowan (D:6)
  3 scorpions
  A wyvern skeleton (D:8)
  6 killer bees
  2 howler monkeys
  8 crimson imps
  A centaur zombie (Ossuary)
  3 bullfrog zombies
  9 hounds
  4 jellies
  A quasit (D:10)
  A human zombie (Ossuary)
  3 gnoll shamans (D:8)
  9 orc priests
  2 iguanas
  Natasha (thrice) (D:4)
  7 orc wizards
  4 hell rats (D:10)
  3 worker ants
  A big kobold zombie (Ossuary)
  A hound skeleton (D:5)
  5 mummies (Ossuary)
  14 gnolls
  A howler monkey skeleton (D:9)
  10 adders
  2 river rats (D:10)
  6 shadow imps
  5 worms
  A dart slug (D:3)
  7 leopard geckos
  45 orcs
  6 giant cockroaches
  8 goblins
  6 hobgoblins
  18 jackals
  5 quokkas
  A ball python (D:3)
  10 bats
  4 frilled lizards (D:2)
  3 goblin zombies (Ossuary)
  2 hobgoblin zombies (Ossuary)
  A jackal skeleton (D:5)
  3 kobolds
  11 rats
  2 plants (D:8)
325 creatures vanquished.

Vanquished Creatures (collateral kills)
  The ghost of Gorglomux the Skirmisher, an amateur HOAr (D:4)
  Sigmund (D:4)
  An orc priest (D:4)
  An orc (D:4)
4 creatures vanquished.

Vanquished Creatures (others)
  An orc wizard (D:4)
  A leopard gecko (D:4)
  6 fungi (D:8)
  3 plants (D:8)
11 creatures vanquished.

Grand Total: 340 creatures vanquished

Notes
Turn   | Place    | Note
-------+----------+-------------------------------------------
     0 | D:1      | Gorglomux the Hill Orc Artificer began the quest for the Orb.
     0 | D:1      | Reached XP level 1. HP: 16/16 MP: 3/3
   162 | D:1      | Reached skill level 1 in Armour
   162 | D:1      | Reached XP level 2. HP: 18/24 MP: 4/4
   945 | D:2      | Reached XP level 3. HP: 30/30 MP: 5/5
  1632 | D:2      | Reached skill level 3 in Fighting
  1687 | D:2      | Reached XP level 4. HP: 30/38 MP: 6/6
  1799 | D:3      | Found an iron altar of Okawaru.
  1810 | D:3      | Became a worshipper of Warmaster Okawaru
  1851 | D:3      | Reached skill level 3 in Armour
  1960 | D:3      | Found an ancient bone altar of Kikubaaqudgha.
  2025 | D:3      | Reached XP level 5. HP: 45/46 MP: 7/7
  2736 | D:4      | Noticed an orc warrior
  2746 | D:4      | Noticed Sigmund
  2748 | D:4      | Killed Sigmund
  2748 | D:4      | Reached * piety under Okawaru
  2748 | D:4      | Reached XP level 6. HP: 47/56 MP: 8/8
  3225 | D:4      | Reached XP level 7. HP: 62/62 MP: 9/9
  3289 | D:4      | Noticed Gorglomux's ghost (amateur HOAr)
  3344 | D:4      | Reached skill level 6 in Fighting
  3526 | D:4      | Killed Gorglomux's ghost
  3526 | D:4      | Reached ** piety under Okawaru
  3562 | D:4      | Killed an orc warrior
  3562 | D:4      | Reached skill level 6 in Armour
  3613 | D:4      | Reached XP level 8. HP: 4/73 MP: 10/10
  3994 | D:4      | Noticed Natasha
  4016 | D:4      | Killed Natasha
  4032 | D:4      | Noticed Natasha
  4052 | D:4      | Killed Natasha
  4064 | D:4      | Noticed Natasha
  4074 | D:4      | Killed Natasha
  4608 | D:5      | Entered Level 5 of the Dungeon
  4714 | D:5      | Got a heavily runed helmet
  4720 | D:5      | Identified the cursed +0 helmet of the Hanged Man {rPois MR- MP+9 SInv} (You found it on level 5 of the Dungeon)
  4740 | D:5      | Reached *** piety under Okawaru
  4759 | D:5      | Found a staircase to the Ecumenical Temple.
  5357 | D:5      | Reached skill level 1 in Invocations
  5542 | D:6      | Found a glowing silver altar of Zin.
  5544 | D:6      | Noticed sagitran's ghost (novice DsAK)
  5645 | D:6      | Reached skill level 9 in Fighting
  5645 | D:6      | Reached skill level 3 in Invocations
  5656 | D:6      | Reached XP level 9. HP: 33/83 MP: 11/11
  6029 | D:6      | Noticed Blork the orc
  6042 | D:6      | Killed Blork the orc
  6135 | D:6      | Reached skill level 1 in Axes
  6142 | D:6      | Noticed Dowan
  6156 | D:6      | Noticed Duvessa
  6158 | D:6      | Reached skill level 2 in Axes
  6168 | D:6      | Killed Duvessa
  6168 | D:6      | Reached skill level 3 in Axes
  6171 | D:6      | Killed Dowan
  6171 | D:6      | Reached skill level 4 in Axes
  6259 | D:6      | Killed sagitran's ghost
  6259 | D:6      | Reached **** piety under Okawaru
  6259 | D:6      | Reached skill level 5 in Axes
  6285 | D:6      | Found a deep blue altar of Sif Muna.
  6287 | D:6      | Got a crystal whip
  6288 | D:6      | Identified the cursed +2 whip "Haikoin" {pain, +Fly Dex+4} (You found it on level 6 of the Dungeon)
  6398 | D:6      | Reached skill level 6 in Axes
  6432 | D:7      | Found a sand-covered staircase.
  6444 | Ossuary  | Entered an ossuary
  6547 | Ossuary  | Reached skill level 7 in Axes
  6981 | D:7      | Reached skill level 8 in Axes
  7134 | D:7      | Reached skill level 9 in Axes
  7178 | D:7      | Found Qitexil's Magic Scroll Shoppe.
  7199 | D:7      | Bought a scroll of summoning for 133 gold pieces
  7199 | D:7      | Bought a scroll of identify for 28 gold pieces
  7199 | D:7      | Bought a scroll of enchant armour for 105 gold pieces
  7199 | D:7      | Bought a scroll of fear for 49 gold pieces
  7199 | D:7      | Bought a scroll of remove curse for 42 gold pieces
  7199 | D:7      | Bought a scroll of identify for 28 gold pieces
  7199 | D:7      | Bought a scroll of magic mapping for 49 gold pieces
  7291 | D:7      | Found a bloodstained altar of Trog.
  7301 | D:7      | Reached XP level 10. HP: 70/91 MP: 13/13
  7383 | D:7      | Reached skill level 10 in Axes
  7455 | D:8      | Reached ***** piety under Okawaru
  7477 | D:8      | Got an iridescent broad axe
  7485 | D:8      | Identified the cursed +1 broad axe of the Wraith {vamp, +Blink +Inv Dex-3} (You found it on level 8 of the Dungeon)
  7489 | D:8      | Noticed sergedm's ghost (novice DECj)
  7508 | D:8      | Killed sergedm's ghost
  7508 | D:8      | Reached skill level 11 in Axes
  7628 | D:8      | Found a shattered altar of Ashenzari.
  7639 | D:8      | Noticed Erica
  7653 | D:8      | Killed Erica
  7653 | D:8      | Reached skill level 12 in Axes
  7703 | D:8      | Found an ornate altar of the Wu Jian Council.
  7742 | D:8      | Found a stormy altar of Qazlal.
  7813 | D:8      | Received a gift from Okawaru
  7813 | D:8      | Reached skill level 13 in Axes
  8036 | D:8      | Found a shadowy altar of Dithmenos.
  8289 | D:8      | Reached skill level 14 in Axes
  8547 | D:8      | Reached XP level 11. HP: 94/97 MP: 14/14
  8679 | D:8      | Received a gift from Okawaru
  8685 | D:8      | Got a distressingly furry chain mail {god gift}
  8696 | D:8      | Identified the +7 chain mail "Pumoew" {god gift, rC- rN++} (Okawaru gifted it to you on level 8 of the Dungeon)
  9604 | D:10     | Entered Level 10 of the Dungeon
  9615 | D:10     | Reached skill level 15 in Axes
  9803 | D:10     | Noticed a two-headed ogre
  9809 | D:10     | Noticed a frost giant
  9831 | D:10     | Killed a frost giant
  9831 | D:10     | Reached skill level 16 in Axes
  9836 | D:10     | Killed a two-headed ogre
  9840 | D:10     | Reached skill level 17 in Axes
 10037 | D:10     | Found a staircase to the Lair.
 10093 | D:10     | Killed an unseen horror
 10093 | D:10     | Received a gift from Okawaru
 10164 | D:10     | Reached XP level 12. HP: 75/105 MP: 15/15
 10194 | D:10     | Noticed a death yak
 10196 | D:10     | Noticed a death yak
 10199 | D:10     | Noticed a death yak
 10208 | D:10     | Killed a death yak
 10208 | D:10     | Reached skill level 18 in Axes
 10211 | D:10     | Killed a death yak
 10223 | D:10     | Killed a death yak
 10230 | D:10     | Found a staircase to the Orcish Mines.
 10657 | D:11     | Found a glowing silver altar of Zin.
 11006 | D:11     | Noticed Ijustatesigmund's ghost (journeyman TrMo)
 11019 | D:11     | Reached skill level 19 in Axes
 11064 | D:10     | Noticed a soul eater
 11068 | D:10     | Slain by a soul eater

Vault maps used:
D:1:      dpeg_arrival_line_fractal
D:3:      kiku_gazebo_pond_becter, okawaru_trees_1
D:4:      uniq_sigmund, uniq_natasha
D:5:      temple_statues, first_bread
D:6:      lemuel_doored_altar, overflow_temple_1_default, patterned_corridor,
          uniq_duvessa, uniq_blork_the_orc
D:7:      lightli_temple_of_fire, lightli_ossuary_entry_decrepit_ruins,
          serial_shops, kennysheep_little_box
D:8:      kennysheep_seaside_town, kennysheep_mini,
          lemuel_coloured_pillars_altar, nicolae_qazlal_style_of_elements,
          kennysheep_mini_moat, uniq_erica
D:10:     minmay_ornate_pinched, dpeg_lair_monsters, david_orc_3
D:11:     basic_altar, grunt_tengu_nest
Ossuary:  ossuary_crypta

Skill      XL: |  1  2  3  4  5  6  7  8  9 10 11 12 |
---------------+-------------------------------------+-----
Fighting       | 2 3 5 7 9 |  9.4
Armour         | 1 2 3 4 5 6 8 |  8.4
Invocations    | 3 4 |  4.2
Axes           | 9 14 17 19 | 19.0
Short Blades   | |  1.0
Dodging        | |  1.5
Stealth        | |  0.7
Evocations     | |  3.0

Action                   |  1- 3 |  4- 6 |  7- 9 | 10-12 || total
-------------------------+-------+-------+-------+-------++-------
Melee: Short sword       |   172 |   225 |   118 |       ||   515
       Rapier            |       |       |   217 |       ||   217
       Punch             |       |       |     3 |     6 ||     9
       Hand axe          |       |       |   173 |    25 ||   198
       Broad axe         |       |       |       |   541 ||   541
Invok: Heroism           |       |     2 |     9 |    14 ||    25
       Finesse           |       |       |       |     1 ||     1
Evoke: Wand              |       |     8 |    18 |     1 ||    27
  Use: Scroll            |       |       |    13 |     1 ||    14
       Potion            |       |       |       |     1 ||     1
 Stab: Sleeping          |     2 |       |       |       ||     2
       Paralysed         |       |     5 |       |       ||     5
  Eat: Chunk             |     2 |     6 |    14 |    10 ||    32
       Fruit             |       |       |       |     7 ||     7
       Royal jelly       |       |       |       |     3 ||     3
Armor: Leather armour    |    77 |    87 |    63 |       ||   227
       Chain mail        |       |       |   233 |   298 ||   531
       Plate armour      |       |       |       |     4 ||     4
Dodge: Dodged            |   120 |   138 |   226 |   209 ||   693
